Map: Overgrowth LE (Void)

Players

Anguish

  • Race: Protoss Protoss
  • League: Silver
  • Spawn Location: 1:00

A.I. 1 (Very Easy) - Winner!

  • Race: Protoss Protoss
  • Spawn Location: 7:00

VOD

Have the link to the VOD?

Description

Time

  • Played on: Dec. 22, 2016, 1:42 p.m.
  • Length: 5:00
Show
View Real Time Build Order
Export as new Build Order

Anguish Protoss 

Build Orders: Oracle Opening 

Get SALT Encoding   

  12  0:01  Probe (Chrono Boost)  
  13  0:12  Probe (Chrono Boost)  
  14  0:21  Pylon  
  14  0:23  Probe (Chrono Boost)  
  15  0:39  Gateway, Probe (Chrono Boost)  
  16  0:48  Assimilator  
  17  0:50  Probe (Chrono Boost)  
  17  0:55  Assimilator  
  17  1:00  Probe (Chrono Boost)  
  18  1:07  Gateway  
  18  1:13  Probe (Chrono Boost)  
  19  1:24  Probe (Chrono Boost)  
  20  1:32  Pylon  
  20  1:34  Probe (Chrono Boost)  
  20  1:39  Cybernetics Core  
  21  1:53  Probe (Chrono Boost)  
  22  2:11  Probe (Chrono Boost)  
  22  2:12  Warp Gate  
  23  2:17  Adept x2  
  23  2:22  Mothership Core (Chrono Boost)  
  29  2:26  Pylon  
  29  2:32  Stargate  
  29  2:44  Adept x2  
  33  3:07  Nexus  
  33  3:11  Oracle  
  36  3:27  Pylon  
  36  3:39  Probe (Chrono Boost)  
  37  3:42  Oracle  
  40  3:51  Probe (Chrono Boost)  
  41  3:56  Pylon  
  42  4:03  Probe (Chrono Boost)  
  42  4:10  Stalker  
  42  4:15  Probe (Chrono Boost)  
  45  4:17  Stalker  
  47  4:27  Probe (Chrono Boost)  
  53  4:39  Probe (Chrono Boost)  
  53  4:47  Robotics Facility  
Show
View Real Time Build Order
Export as new Build Order

A.I. 1 (Very Easy) Protoss - Winner!

Build Orders:  

Get SALT Encoding   

  12  0:01  Probe (Chrono Boost)  
  13  0:11  Probe (Chrono Boost)  
  14  0:20  Pylon  
  14  0:36  Assimilator  
  14  0:42  Gateway  
  14  0:45  Pylon  
  14  1:12  Assimilator  
  14  1:25  Probe (Chrono Boost)  
  15  1:28  Zealot  
  15  1:31  Cybernetics Core  
  17  1:36  Probe (Chrono Boost)  
  19  1:47  Probe (Chrono Boost)  
  19  1:56  Warp Gate  
  19  1:58  Probe (Chrono Boost)  
  20  2:09  Probe (Chrono Boost)  
  21  2:21  Probe (Chrono Boost)  
  22  2:43  Stalker  
Tags
 
Add a new tag
Caveats
  • Supply blocks, unpowered buildings, or Contaminate may cause inaccurate times.
  • Supply counts are checked every 10 seconds.